badnik, neutral male scurrid Ranger --------------------------------------------------------------------------- |....d.......................l...........!..........................O.....| |..........................%.........................................Y....| |.....d......................................................l.....e......| |.....dd...a..................................................%...........| |..a.a..a.............%..........................?.o......................| |.....aa..i..a..........................l......WWW........................| |.....a....!..<.....^.*........................W.!W.......................| |......a..................n...e................WWW........................| |...........................................[...W.W.......................| |........i.............e..............f....q.....W........................| |.s..n...@.a.......................Z...@........................).......F.| |.............................................+...>.......................| |................................f.....d..................................| |......................................................%..................| |...........QQ.%.........................e................................| |..............................?............).............j...............| --------------------------------------------------------------------------- badnik the Tenderfoot Experience level: 1 Strength: 16 Dexterity: 9 Constitution: 14 Intelligence: 14 Wisdom: 15 Charisma: 7 Health: 0(14) Energy: 2(2) Def: 3 Gold: 49 Moves: 76 Dungeon seed: XMECEX2M_VIyoYxD Game ID: badnik_1498611072 Your Inventory: Coins $ - 49 gold pieces Weapons b - 29 uncursed +2 darts c - 18 uncursed +0 darts Armor e - an uncursed +2 cloak of displacement (being worn) Comestibles d - 5 uncursed chestnuts Scrolls h - an uncursed scroll of scare monster Wands f - an uncursed wand of slow monster (0:3) g - an uncursed wand of polymorph (0:4) Spells and supernatural/magical abilities: Name Level Category Fail Memory W - pray for help -- divine ? -- Your skills at the end: Miscellaneous Skills wands [Basic] Weapon Skills dart [Basic] Spellcasting Skills Final Attributes: You were devoutly aligned. You had automatic searching. You had infravision. You were displaced. You were very stealthy. You are dead. Vanquished creatures: a jackal Voluntary challenges: You went without food. You did not adorn yourself with jewelry or accessories. You did not cause conflict. You were not invisible. You did not have reflection. You were an atheist. You never hit with a wielded weapon. You were a pacifist. You did not use tools. You did not use plumbed fixtures. You did not drink any magical draughts. You were illiterate. You never genocided any monsters. You never polymorphed an object. You never changed form. You used no wishes. You never split a pudding. You never wrote Elbereth's name. You never violated your personal moral code. Dungeon overview: The Dungeons of Doom: levels 1 to 14 Level 1 a fountain a long staircase Level 2 Level 3 Level 4 Level 5 Level 6 Level 7 Level 8 a fountain Level 9 a fountain Level 10 Level 11 Level 12 Level 13 Level 14 <- You were here History has recorded: On T:1 you entered the Dungeons of Doom to retrieve the Amulet of Yendor! On T:6 you reached level 2 of The Dungeons of Doom. On T:10 you reached level 3 of The Dungeons of Doom. On T:14 you reached level 4 of The Dungeons of Doom. On T:24 you reached level 5 of The Dungeons of Doom. On T:28 you reached level 6 of The Dungeons of Doom. On T:33 you reached level 7 of The Dungeons of Doom. On T:37 you reached level 8 of The Dungeons of Doom. On T:41 you reached level 9 of The Dungeons of Doom. On T:45 you reached level 10 of The Dungeons of Doom. On T:55 you reached level 11 of The Dungeons of Doom. On T:61 you reached level 12 of The Dungeons of Doom. On T:67 you reached level 13 of The Dungeons of Doom. On T:73 you reached level 14 of The Dungeons of Doom. Score breakdown: Gold: 49 ( 4 points) Experience: 1 level ( 0 points) Exploration: 14 levels ( 390 points) Discoveries: 2 items ( 100 points) Variety of kills: 1 monster ( 50 points) Major goal: (nothing yet) ( 0 points) Survival: died (score multiplied by 3) Total score: 1632 Latest messages: $ - 49 gold pieces. You start digging downward. (2x) You continue digging downward. You dig a pit in the ground. You are still in a pit. You crawl to the edge of the pit. You go down into the pit. You continue digging downward. You dig a hole through the ground. You fall through... That command is only available in debug mode. You attack thin air. You attack thin air. Suddenly, the quasit disappears out of sight. The large cat bites! You attack thin air. The large cat bites! You die... Final status: Goodbye badnik the Ranger, killed by a large cat... You died in The Dungeons of Doom on dungeon level 14 with 1632 points, and 49 pieces of gold, after 76 moves. You were level 1 with a maximum of 14 hit points when you died.